[ AOE2 MATCH · #475239595 ]
UnrankedCumans vs Goths
[ REPLAY ANALYSIS · EXTRACTED FROM THE RECORDED GAME ]
Feudal
12:49
Castle
28:01
Imperial
—
| APM avg | 23.7 |
| APM peak | 62 |
| eAPM avg | 11.9 |
| Villagers / military | 65 / 25 |
Focus
⚔️ 21.5% · 🌾 78.5%
Kipchak ×14 · Scout Cavalry ×6 · Spearman ×5
Feudal
10:51
Castle
15:41
Imperial
—
| APM avg | 21.1 |
| APM peak | 36 |
| eAPM avg | 11.6 |
| Villagers / military | 61 / 21 |
Focus
⚔️ 36.5% · 🌾 63.5%
Spearman ×12 · Knight ×6 · Teutonic Knight ×3
Feudal
8:15
Castle
17:44
Imperial
—
| APM avg | 50.4 |
| APM peak | 104 |
| eAPM avg | 28.0 |
| Villagers / military | 70 / 138 |
Focus
⚔️ 51.6% · 🌾 48.4%
Huskarl ×124 · Spearman ×11 · Scout Cavalry ×3
Feudal
12:20
Castle
33:26
Imperial
—
| APM avg | 7.2 |
| APM peak | 25 |
| eAPM avg | 5.7 |
| Villagers / military | 67 / 27 |
Focus
⚔️ 23.2% · 🌾 76.8%
Militia ×16 · Scout Cavalry ×11
Feudal
8:45
Castle
17:00
Imperial
34:50
| APM avg | 31.4 |
| APM peak | 74 |
| eAPM avg | 15.1 |
| Villagers / military | 73 / 70 |
Focus
⚔️ 26.5% · 🌾 73.5%
Camel Scout ×69 · Spearman ×1
Feudal
9:28
Castle
21:03
Imperial
34:40
| APM avg | 24.0 |
| APM peak | 54 |
| eAPM avg | 14.9 |
| Villagers / military | 113 / 59 |
Focus
⚔️ 19.9% · 🌾 80.1%
Knight ×41 · Scout Cavalry ×11 · Battering Ram ×6 · Monk ×1 · Trade Cart ×1
Match map
Initial resources + every placement click. Lines = walls · curves = elevation contours. ◆ gold · ⬟ stone · ● berries · ✦ relic · ◌ wall gap
Your base· ✓ Closed at 28:01 · 50t walls · 3 gate(s)
m.muratk's base· Open — 8t gap
Vader's base· ✓ Closed at 17:44 · 36t walls · 1 gate(s)
Haydar-ı Kerrar's base· Open — 2t gap
Aquiles Baeza's base· Open — 5t gap
Yoshitaka's base· Open — 10t gap
Smoothed initial terrain · ◌ = detected wall gap · hover for details
Inputs per minute
— Whiplash - - m.muratk
Build order — Whiplash
First 150 of 168 actions detected
| 0:02 | Create | Villager (Male) |
| 0:02 | Create | Villager (Male) |
| 0:02 | Create | Villager (Male) |
| 0:03 | Build | House |
| 0:05 | Build | House |
| 0:12 | Create | Villager (Male) |
| 0:13 | Create | Villager (Male) |
| 1:19 | Create | Villager (Male) |
| 1:19 | Create | Villager (Male) |
| 2:13 | Build | Lumber Camp |
| 2:24 | Build | Palisade Wall |
| 2:30 | Build | Palisade Wall |
| 2:33 | Build | Palisade Wall |
| 2:38 | Build | Palisade Wall |
| 2:40 | Build | Palisade Wall |
| 2:46 | Create | Villager (Male) |
| 2:46 | Create | Villager (Male) |
| 2:47 | Create | Villager (Male) |
| 2:47 | Create | Villager (Male) |
| 2:57 | Build | Palisade Gate |
| 3:22 | Create | Villager (Male) |
| 3:33 | Build | House |
| 3:35 | Build | House |
| 3:40 | Build | House |
| 4:12 | Create | Villager (Male) |
| 4:20 | Build | Palisade Wall |
| 4:22 | Build | Palisade Gate |
| 4:28 | Build | Palisade Wall |
| 4:33 | Build | Palisade Wall |
| 4:42 | Create | Villager (Male) |
| 5:17 | Build | Palisade Wall |
| 5:18 | Build | Palisade Gate |
| 5:22 | Build | Palisade Wall |
| 5:32 | Create | Villager (Male) |
| 5:33 | Create | Villager (Male) |
| 5:33 | Create | Villager (Male) |
| 5:50 | Build | Palisade Wall |
| 5:53 | Build | Palisade Wall |
| 5:57 | Build | Palisade Wall |
| 6:15 | Create | Villager (Male) |
| 6:49 | Build | Mill |
| 6:51 | Create | Villager (Male) |
| 6:51 | Create | Villager (Male) |
| 6:51 | Create | Villager (Male) |
| 7:49 | Create | Villager (Male) |
| 7:50 | Create | Villager (Male) |
| 8:25 | Create | Villager (Male) |
| 9:28 | Create | Villager (Male) |
| 9:34 | Build | Barracks |
| 9:38 | Build | House |
| 9:40 | Build | House |
| 9:41 | Build | House |
| 9:43 | Build | House |
| 9:59 | Build | House |
| 10:07 | Build | House |
| 10:10 | Create | Villager (Male) |
| 10:39 | Research | Feudal Age |
| 11:02 | Build | Mining Camp |
| 11:28 | Build | Lumber Camp |
| 12:11 | Build | Farm |
| 12:12 | Build | Farm |
| 12:12 | Build | Farm |
| 12:46 | Create | Villager (Male) |
| 12:46 | Research | Loom |
| 12:49 | Age | Feudal Age |
| 13:13 | Build | Town Center |
| 13:29 | Create | Villager (Male) |
| 13:29 | Create | Villager (Male) |
| 13:42 | Build | Stable |
| 14:07 | Create | Villager (Male) |
| 14:24 | Create | Villager (Male) |
| 14:46 | Create | Spearman |
| 14:46 | Create | Spearman |
| 14:47 | Create | Spearman |
| 14:49 | Create | Villager (Male) |
| 15:15 | Research | Bloodlines |
| 15:16 | Create | Scout Cavalry |
| 15:16 | Create | Scout Cavalry |
| 15:17 | Create | Scout Cavalry |
| 15:26 | Research | Double-Bit Axe |
| 16:18 | Create | Villager (Male) |
| 16:19 | Create | Villager (Male) |
| 16:19 | Create | Villager (Male) |
| 16:33 | Create | Villager (Male) |
| 16:39 | Build | Farm |
| 16:40 | Build | Farm |
| 16:41 | Build | Farm |
| 16:41 | Build | Farm |
| 17:49 | Create | Villager (Male) |
| 18:29 | Create | Villager (Male) |
| 18:29 | Create | Villager (Male) |
| 18:29 | Create | Villager (Male) |
| 18:30 | Create | Villager (Male) |
| 18:30 | Create | Villager (Male) |
| 18:53 | Create | Villager (Male) |
| 18:54 | Create | Villager (Male) |
| 18:54 | Create | Villager (Male) |
| 18:54 | Create | Villager (Male) |
| 19:41 | Build | Farm |
| 19:42 | Build | Farm |
| 19:43 | Build | Farm |
| 19:51 | Build | Farm |
| 19:52 | Build | Farm |
| 20:00 | Create | Villager (Male) |
| 20:04 | Build | Farm |
| 20:04 | Build | Farm |
| 20:05 | Build | Farm |
| 20:09 | Build | Farm |
| 20:09 | Build | Farm |
| 20:13 | Create | Villager (Male) |
| 20:16 | Build | Farm |
| 20:50 | Create | Spearman |
| 20:50 | Create | Spearman |
| 20:54 | Create | Villager (Male) |
| 21:03 | Build | Farm |
| 21:04 | Build | Farm |
| 21:04 | Build | Farm |
| 21:05 | Build | Farm |
| 21:10 | Create | Villager (Male) |
| 21:30 | Build | Mining Camp |
| 21:42 | Build | Farm |
| 21:58 | Create | Villager (Male) |
| 21:58 | Create | Villager (Male) |
| 22:11 | Research | Wheelbarrow |
| 22:33 | Create | Villager (Male) |
| 22:47 | Build | Market |
| 22:59 | Create | Villager (Male) |
| 23:00 | Create | Villager (Male) |
| 23:14 | Create | Scout Cavalry |
| 23:15 | Create | Scout Cavalry |
| 23:15 | Create | Scout Cavalry |
| 24:56 | Create | Villager (Male) |
| 24:57 | Create | Villager (Male) |
| 25:02 | Research | Castle Age |
| 25:21 | Create | Villager (Male) |
| 25:22 | Create | Villager (Male) |
| 25:40 | Research | Gold Mining |
| 25:46 | Create | Villager (Male) |
| 27:12 | Build | Palisade Gate |
| 27:36 | Build | Mining Camp |
| 28:01 | Age | Castle Age |
| 28:05 | Build | Town Center |
| 28:19 | Research | Hand Cart |
| 29:05 | Build | Castle |
| 29:19 | Build | University |
| 29:23 | Research | Bow Saw |
| 30:20 | Research | Steppe Husbandry |
| 30:24 | Research | Ballistics |
| 30:54 | Create | Villager (Male) |
| 30:54 | Create | Villager (Male) |
Build order — m.muratk
147 actions detected in the replay
| 0:02 | Create | Villager (Male) ×4 |
| 0:04 | Build | House |
| 0:08 | Build | House |
| 1:30 | Create | Villager (Male) |
| 2:00 | Create | Villager (Male) |
| 2:13 | Build | Lumber Camp |
| 2:25 | Create | Villager (Male) ×2 |
| 2:44 | Create | Villager (Male) |
| 3:52 | Build | House |
| 4:07 | Create | Villager (Male) ×5 |
| 4:26 | Create | Villager (Male) |
| 4:50 | Build | House |
| 5:42 | Create | Villager (Male) ×3 |
| 6:25 | Build | Mill |
| 6:58 | Build | Mill |
| 7:20 | Build | House |
| 7:45 | Research | Loom |
| 8:07 | Build | Barracks |
| 8:11 | Build | Palisade Gate |
| 8:21 | Build | House |
| 8:22 | Build | House |
| 8:27 | Research | Feudal Age |
| 8:54 | Build | Mining Camp |
| 9:38 | Build | Palisade Wall |
| 9:40 | Build | Palisade Wall |
| 10:28 | Create | Villager (Male) ×5 |
| 10:51 | Age | Feudal Age |
| 10:58 | Build | Blacksmith |
| 11:00 | Build | Stable |
| 12:20 | Create | Villager (Male) |
| 12:41 | Build | Dock |
| 13:01 | Research | Castle Age |
| 13:35 | Create | Villager (Male) |
| 13:43 | Create | Spearman |
| 13:48 | Build | Stable |
| 15:14 | Build | Farm |
| 15:15 | Build | Farm |
| 15:15 | Build | Farm |
| 15:15 | Build | Farm |
| 15:15 | Build | Farm |
| 15:15 | Build | Farm |
| 15:16 | Build | Farm |
| 15:16 | Build | Farm |
| 15:16 | Build | Farm |
| 15:17 | Build | Farm |
| 15:30 | Build | House |
| 15:31 | Build | House |
| 15:37 | Research | Double-Bit Axe |
| 15:41 | Age | Castle Age |
| 15:42 | Research | Horse Collar |
| 15:59 | Build | Town Center |
| 16:24 | Create | Knight |
| 16:39 | Create | Villager (Male) |
| 16:50 | Build | House |
| 16:52 | Build | House |
| 16:54 | Build | House |
| 17:04 | Create | Villager (Male) |
| 17:06 | Create | Knight |
| 18:01 | Build | Town Center |
| 18:10 | Build | Town Center |
| 18:16 | Create | Villager (Male) ×4 |
| 18:25 | Build | Farm |
| 18:26 | Build | Farm |
| 18:28 | Build | Farm |
| 18:37 | Build | Lumber Camp |
| 18:49 | Build | Lumber Camp |
| 18:57 | Build | Lumber Camp |
| 19:04 | Research | Wheelbarrow |
| 19:28 | Build | Palisade Wall |
| 19:30 | Build | Palisade Wall |
| 19:32 | Build | Palisade Wall |
| 19:44 | Research | Bloodlines |
| 20:00 | Create | Villager (Male) ×2 |
| 20:08 | Create | Knight |
| 20:34 | Create | Villager (Male) ×2 |
| 20:42 | Build | House |
| 20:44 | Build | House |
| 20:47 | Build | House |
| 20:51 | Build | Palisade Wall |
| 20:58 | Build | House |
| 21:05 | Create | Knight ×2 |
| 21:15 | Create | Villager (Male) |
| 21:36 | Build | Farm |
| 21:41 | Create | Villager (Male) |
| 22:08 | Create | Spearman |
| 22:09 | Create | Spearman |
| 22:45 | Create | Villager (Male) |
| 22:52 | Create | Knight |
| 23:06 | Create | Villager (Male) |
| 23:29 | Create | Villager (Male) ×2 |
| 23:30 | Create | Spearman |
| 23:46 | Build | Farm |
| 23:50 | Build | Farm |
| 23:52 | Create | Villager (Male) ×2 |
| 24:12 | Create | Spearman ×2 |
| 24:48 | Research | Pikeman (upgrade) |
| 25:07 | Create | Villager (Male) |
| 25:34 | Build | Palisade Wall |
| 25:42 | Create | Spearman |
| 25:42 | Create | Spearman |
| 25:43 | Create | Spearman |
| 25:43 | Create | Spearman |
| 26:00 | Research | Gold Mining |
| 26:25 | Create | Villager (Male) ×4 |
| 26:43 | Build | Mining Camp |
| 27:37 | Build | House |
| 27:55 | Build | House |
| 28:39 | Research | Squires |
| 28:43 | Research | Scale Mail Armor |
| 28:53 | Build | Palisade Wall |
| 28:55 | Build | Palisade Wall |
| 29:07 | Create | Villager (Male) ×5 |
| 29:12 | Build | House |
| 29:13 | Build | House |
| 29:16 | Build | Palisade Wall |
| 29:17 | Build | Palisade Wall |
| 29:18 | Build | Palisade Wall |
| 29:19 | Build | Palisade Wall |
| 29:20 | Build | Palisade Wall |
| 29:22 | Build | Palisade Wall |
| 29:23 | Build | Palisade Wall |
| 29:36 | Build | Castle |
| 29:57 | Build | Palisade Wall |
| 30:10 | Create | Villager (Male) ×5 |
| 30:51 | Create | Villager (Male) ×3 |
| 30:55 | Build | Farm |
| 30:55 | Build | Farm |
| 30:55 | Build | Farm |
| 30:56 | Build | Farm |
| 30:57 | Build | Farm |
| 30:57 | Build | Farm |
| 30:57 | Build | Farm |
| 31:32 | Create | Spearman ×2 |
| 32:03 | Build | House |
| 32:09 | Build | Farm |
| 32:10 | Build | Farm |
| 32:10 | Build | Farm |
| 32:10 | Build | Farm |
| 32:10 | Build | Farm |
| 32:11 | Build | Farm |
| 32:11 | Build | Farm |
| 32:11 | Build | Farm |
| 33:49 | Research | Hand Cart |
| 34:04 | Create | Teutonic Knight |
| 34:05 | Create | Teutonic Knight |
| 34:05 | Create | Teutonic Knight |
| 34:49 | Research | Forging |
Build order — Vader
First 150 of 252 actions detected
| 0:03 | Build | House |
| 0:05 | Build | House |
| 0:11 | Create | Villager (Male) |
| 0:11 | Create | Villager (Male) |
| 0:11 | Create | Villager (Male) |
| 0:12 | Create | Villager (Male) |
| 0:18 | Research | Loom |
| 0:18 | Create | Villager (Male) |
| 0:26 | Create | Villager (Male) |
| 0:26 | Create | Villager (Male) |
| 1:03 | Create | Villager (Male) |
| 1:10 | Create | Villager (Male) |
| 1:18 | Build | Lumber Camp |
| 1:47 | Create | Villager (Male) |
| 2:20 | Create | Villager (Male) |
| 2:20 | Create | Villager (Male) |
| 3:06 | Build | House |
| 3:07 | Build | House |
| 3:10 | Create | Villager (Male) |
| 4:06 | Create | Villager (Male) |
| 4:07 | Create | Villager (Male) |
| 4:19 | Build | Mill |
| 4:38 | Create | Villager (Male) |
| 4:40 | Create | Villager (Male) |
| 4:41 | Create | Villager (Male) |
| 4:59 | Create | Villager (Male) |
| 5:19 | Create | Villager (Male) |
| 5:58 | Create | Villager (Male) |
| 6:05 | Research | Feudal Age |
| 6:28 | Create | Villager (Male) |
| 6:30 | Create | Villager (Male) |
| 6:46 | Build | House |
| 6:48 | Build | House |
| 7:27 | Build | Barracks |
| 8:15 | Age | Feudal Age |
| 8:36 | Create | Villager (Male) |
| 8:42 | Build | Stable |
| 9:17 | Build | Farm |
| 9:20 | Create | Villager (Male) |
| 9:21 | Create | Villager (Male) |
| 9:38 | Create | Scout Cavalry |
| 9:39 | Create | Scout Cavalry |
| 9:39 | Create | Scout Cavalry |
| 9:53 | Build | Farm |
| 10:08 | Build | Palisade Wall |
| 10:12 | Build | Palisade Wall |
| 10:13 | Build | Palisade Wall |
| 10:15 | Build | Palisade Wall |
| 10:23 | Build | Palisade Wall |
| 10:26 | Build | Palisade Gate |
| 10:29 | Create | Villager (Male) |
| 10:35 | Build | Palisade Wall |
| 10:37 | Create | Villager (Male) |
| 10:42 | Build | Farm |
| 10:52 | Create | Villager (Male) |
| 11:02 | Build | Palisade Wall |
| 11:04 | Build | House |
| 11:07 | Create | Villager (Male) |
| 11:12 | Build | Farm |
| 11:17 | Build | Palisade Wall |
| 11:19 | Build | Palisade Wall |
| 11:24 | Create | Villager (Male) |
| 11:30 | Create | Villager (Male) |
| 11:38 | Build | Farm |
| 11:54 | Create | Villager (Male) |
| 12:06 | Build | Farm |
| 12:21 | Build | House |
| 12:28 | Build | House |
| 12:42 | Create | Villager (Male) |
| 12:46 | Build | Farm |
| 12:59 | Create | Villager (Male) |
| 13:37 | Create | Villager (Male) |
| 13:41 | Build | Blacksmith |
| 14:03 | Create | Villager (Male) |
| 14:24 | Build | Market |
| 14:56 | Research | Castle Age |
| 15:00 | Build | Farm |
| 15:15 | Build | Mining Camp |
| 15:52 | Create | Villager (Male) |
| 15:53 | Create | Villager (Male) |
| 16:02 | Create | Villager (Male) |
| 16:09 | Build | Mining Camp |
| 16:20 | Research | Forging |
| 16:26 | Research | Scale Mail Armor |
| 17:01 | Create | Villager (Male) |
| 17:05 | Create | Villager (Male) |
| 17:44 | Age | Castle Age |
| 17:53 | Create | Villager (Male) |
| 17:57 | Create | Villager (Male) |
| 18:54 | Create | Villager (Male) |
| 18:55 | Create | Villager (Male) |
| 18:58 | Research | Iron Casting |
| 19:13 | Build | Barracks |
| 19:25 | Build | Barracks |
| 19:27 | Build | Barracks |
| 19:35 | Research | Squires |
| 19:38 | Create | Villager (Male) |
| 20:15 | Create | Villager (Male) |
| 20:26 | Create | Villager (Male) |
| 20:51 | Build | Castle |
| 20:56 | Research | Pikeman (upgrade) |
| 21:04 | Create | Spearman |
| 21:05 | Create | Spearman |
| 21:05 | Create | Spearman |
| 21:05 | Create | Spearman |
| 21:05 | Create | Spearman |
| 21:06 | Create | Spearman |
| 21:23 | Research | Chain Mail Armor |
| 21:30 | Build | Town Center |
| 21:54 | Create | Spearman |
| 21:54 | Create | Spearman |
| 21:55 | Create | Spearman |
| 21:55 | Create | Spearman |
| 21:55 | Create | Spearman |
| 21:57 | Create | Villager (Male) |
| 22:15 | Create | Villager (Male) |
| 22:20 | Build | House |
| 22:21 | Build | House |
| 22:43 | Build | Palisade Wall |
| 22:48 | Build | Palisade Wall |
| 22:56 | Build | Palisade Wall |
| 23:29 | Create | Villager (Male) |
| 23:31 | Create | Villager (Male) |
| 23:31 | Create | Villager (Male) |
| 23:31 | Create | Villager (Male) |
| 23:40 | Build | Palisade Wall |
| 23:42 | Build | Palisade Wall |
| 24:15 | Build | Farm |
| 24:15 | Build | Farm |
| 24:49 | Research | Anarchy |
| 25:08 | Build | Barracks |
| 25:13 | Build | Barracks |
| 25:30 | Build | Farm |
| 25:31 | Create | Villager (Male) |
| 25:32 | Create | Villager (Male) |
| 25:32 | Create | Villager (Male) |
| 25:50 | Create | Huskarl |
| 26:15 | Build | Barracks |
| 26:16 | Build | Barracks |
| 26:23 | Create | Huskarl |
| 26:24 | Create | Huskarl |
| 26:31 | Build | Farm |
| 26:36 | Build | Farm |
| 26:37 | Build | Farm |
| 26:37 | Build | Farm |
| 26:37 | Build | Farm |
| 26:37 | Build | Farm |
| 26:38 | Build | Farm |
| 26:38 | Build | Farm |
| 26:44 | Create | Villager (Male) |
Build order — Haydar-ı Kerrar
138 actions detected in the replay
| 0:09 | Build | House |
| 0:38 | Create | Villager (Male) |
| 0:38 | Create | Villager (Male) |
| 0:39 | Create | Villager (Male) |
| 0:39 | Create | Villager (Male) |
| 0:39 | Create | Villager (Male) |
| 0:39 | Create | Villager (Male) |
| 0:40 | Create | Villager (Male) |
| 2:39 | Create | Villager (Male) |
| 2:40 | Create | Villager (Male) |
| 2:40 | Create | Villager (Male) |
| 2:40 | Create | Villager (Male) |
| 2:50 | Build | House |
| 2:52 | Build | House |
| 4:09 | Build | Mill |
| 4:15 | Create | Villager (Male) |
| 4:15 | Create | Villager (Male) |
| 4:15 | Create | Villager (Male) |
| 4:16 | Create | Villager (Male) |
| 4:16 | Create | Villager (Male) |
| 4:16 | Create | Villager (Male) |
| 5:15 | Build | Farm |
| 5:18 | Create | Villager (Male) |
| 5:19 | Create | Villager (Male) |
| 5:19 | Create | Villager (Male) |
| 5:19 | Create | Villager (Male) |
| 5:19 | Create | Villager (Male) |
| 6:12 | Build | Farm |
| 7:05 | Create | Villager (Male) |
| 7:05 | Create | Villager (Male) |
| 7:15 | Build | House |
| 8:40 | Build | Lumber Camp |
| 10:10 | Research | Feudal Age |
| 10:28 | Build | Farm |
| 10:55 | Build | Farm |
| 11:08 | Build | Mining Camp |
| 11:54 | Build | Farm |
| 11:59 | Build | Farm |
| 12:15 | Build | Farm |
| 12:20 | Age | Feudal Age |
| 12:23 | Build | Farm |
| 13:23 | Create | Villager (Male) |
| 13:24 | Create | Villager (Male) |
| 13:24 | Create | Villager (Male) |
| 13:24 | Create | Villager (Male) |
| 13:24 | Create | Villager (Male) |
| 13:25 | Create | Villager (Male) |
| 13:25 | Create | Villager (Male) |
| 13:25 | Create | Villager (Male) |
| 13:25 | Create | Villager (Male) |
| 13:25 | Create | Villager (Male) |
| 13:26 | Create | Villager (Male) |
| 13:26 | Create | Villager (Male) |
| 13:26 | Create | Villager (Male) |
| 13:26 | Create | Villager (Male) |
| 13:27 | Create | Villager (Male) |
| 13:27 | Create | Villager (Male) |
| 13:27 | Create | Villager (Male) |
| 14:25 | Create | Villager (Male) |
| 14:25 | Create | Villager (Male) |
| 14:25 | Create | Villager (Male) |
| 14:33 | Build | House |
| 15:41 | Build | Barracks |
| 16:53 | Create | Villager (Male) |
| 16:53 | Create | Villager (Male) |
| 18:18 | Create | Villager (Male) |
| 18:18 | Create | Villager (Male) |
| 18:18 | Create | Villager (Male) |
| 18:19 | Create | Villager (Male) |
| 19:55 | Create | Villager (Male) |
| 19:55 | Create | Villager (Male) |
| 20:42 | Build | Stable |
| 21:51 | Build | Farm |
| 22:34 | Build | Farm |
| 23:57 | Create | Scout Cavalry |
| 23:57 | Create | Scout Cavalry |
| 23:57 | Create | Scout Cavalry |
| 23:57 | Create | Scout Cavalry |
| 23:58 | Create | Scout Cavalry |
| 23:58 | Create | Scout Cavalry |
| 23:59 | Create | Scout Cavalry |
| 23:59 | Create | Scout Cavalry |
| 23:59 | Create | Scout Cavalry |
| 24:00 | Create | Scout Cavalry |
| 24:00 | Create | Scout Cavalry |
| 24:08 | Create | Villager (Male) |
| 24:08 | Create | Villager (Male) |
| 24:09 | Create | Villager (Male) |
| 24:46 | Create | Villager (Male) |
| 24:46 | Create | Villager (Male) |
| 24:47 | Create | Villager (Male) |
| 24:47 | Create | Villager (Male) |
| 24:47 | Create | Villager (Male) |
| 25:49 | Build | Stone Wall |
| 25:57 | Build | Farm |
| 26:05 | Create | Villager (Male) |
| 26:06 | Create | Villager (Male) |
| 26:06 | Create | Villager (Male) |
| 26:06 | Create | Villager (Male) |
| 26:06 | Create | Villager (Male) |
| 26:07 | Create | Villager (Male) |
| 26:07 | Create | Villager (Male) |
| 27:05 | Build | Stone Wall |
| 27:17 | Build | House |
| 27:19 | Build | House |
| 27:23 | Build | House |
| 27:45 | Build | Stone Wall |
| 29:09 | Build | Stone Wall |
| 29:32 | Build | Blacksmith |
| 30:03 | Build | Palisade Wall |
| 30:46 | Research | Castle Age |
| 30:56 | Build | Market |
| 31:47 | Build | Palisade Wall |
| 32:33 | Build | Palisade Wall |
| 32:37 | Create | Militia |
| 32:37 | Create | Militia |
| 32:38 | Create | Militia |
| 32:38 | Create | Militia |
| 32:38 | Create | Militia |
| 32:38 | Create | Militia |
| 32:39 | Create | Militia |
| 32:39 | Create | Militia |
| 32:39 | Create | Militia |
| 32:40 | Create | Militia |
| 32:40 | Create | Militia |
| 32:40 | Create | Militia |
| 32:40 | Create | Militia |
| 32:48 | Create | Militia |
| 32:49 | Create | Militia |
| 32:49 | Create | Militia |
| 33:25 | Build | Palisade Wall |
| 33:26 | Age | Castle Age |
| 33:32 | Research | Loom |
| 33:33 | Research | Town Watch |
| 34:16 | Build | Palisade Wall |
| 35:00 | Build | Palisade Wall |
| 35:39 | Build | Palisade Wall |
| 36:03 | Build | Palisade Wall |
Build order — Aquiles Baeza
First 150 of 200 actions detected
| 0:00 | Create | Villager (Male) |
| 0:00 | Create | Villager (Male) |
| 0:01 | Create | Villager (Male) |
| 0:02 | Build | House |
| 0:05 | Build | House |
| 0:05 | Create | Villager (Male) |
| 0:05 | Create | Villager (Male) |
| 0:23 | Research | Loom |
| 1:30 | Create | Villager (Male) |
| 2:21 | Create | Villager (Male) |
| 2:21 | Create | Villager (Male) |
| 2:32 | Build | Lumber Camp |
| 2:51 | Create | Villager (Male) |
| 2:51 | Create | Villager (Male) |
| 2:52 | Create | Villager (Male) |
| 2:52 | Create | Villager (Male) |
| 2:53 | Build | House |
| 3:21 | Create | Villager (Male) |
| 3:53 | Create | Villager (Male) |
| 4:05 | Create | Villager (Male) |
| 4:07 | Research | Loom |
| 5:33 | Build | Mill |
| 6:35 | Research | Feudal Age |
| 8:19 | Build | House |
| 8:45 | Age | Feudal Age |
| 8:52 | Build | Barracks |
| 8:58 | Create | Villager (Male) |
| 8:59 | Create | Villager (Male) |
| 9:28 | Build | Mining Camp |
| 10:11 | Create | Spearman |
| 10:45 | Create | Villager (Male) |
| 10:46 | Create | Villager (Male) |
| 10:48 | Create | Villager (Male) |
| 10:53 | Build | House |
| 11:19 | Build | Blacksmith |
| 11:39 | Research | Double-Bit Axe |
| 11:58 | Create | Villager (Male) |
| 12:09 | Build | House |
| 12:26 | Build | House |
| 12:27 | Build | House |
| 13:13 | Build | Market |
| 13:49 | Build | Lumber Camp |
| 14:13 | Build | Palisade Gate |
| 14:20 | Research | Castle Age |
| 14:22 | Research | Wheelbarrow |
| 14:57 | Build | Mining Camp |
| 15:35 | Build | Stable |
| 15:37 | Build | Stable |
| 17:00 | Age | Castle Age |
| 17:04 | Build | Town Center |
| 17:11 | Create | Camel Scout ×3 |
| 17:19 | Build | House |
| 17:21 | Build | House |
| 17:23 | Build | House |
| 17:38 | Build | House |
| 18:13 | Build | Farm |
| 18:14 | Build | Farm |
| 18:14 | Build | Farm |
| 18:14 | Build | Farm |
| 18:14 | Build | Farm |
| 18:14 | Build | Farm |
| 18:15 | Build | Farm |
| 18:15 | Build | Farm |
| 18:15 | Build | Farm |
| 18:15 | Build | Farm |
| 18:15 | Build | Farm |
| 18:15 | Build | Farm |
| 18:16 | Build | Farm |
| 18:16 | Build | Farm |
| 18:16 | Build | Farm |
| 18:16 | Build | Farm |
| 18:16 | Build | Farm |
| 18:17 | Build | Farm |
| 18:17 | Build | Farm |
| 19:08 | Build | Farm |
| 19:08 | Build | Farm |
| 19:08 | Build | Farm |
| 19:08 | Build | Farm |
| 19:19 | Create | Villager (Male) |
| 19:19 | Create | Villager (Male) |
| 19:55 | Create | Camel Scout ×2 |
| 19:55 | Create | Camel Scout ×2 |
| 20:08 | Create | Villager (Male) |
| 20:08 | Create | Villager (Male) |
| 20:09 | Create | Villager (Male) |
| 20:19 | Create | Villager (Male) |
| 20:20 | Create | Villager (Male) |
| 21:07 | Research | Husbandry |
| 21:11 | Create | Villager (Male) |
| 21:12 | Create | Villager (Male) |
| 21:25 | Create | Villager (Male) |
| 21:25 | Create | Villager (Male) |
| 21:53 | Build | Stable |
| 21:55 | Build | Stable |
| 22:11 | Research | Forging |
| 22:20 | Create | Villager (Male) |
| 22:20 | Create | Villager (Male) |
| 22:22 | Create | Villager (Male) |
| 22:22 | Create | Villager (Male) |
| 22:46 | Build | Farm |
| 22:46 | Build | Farm |
| 22:46 | Build | Farm |
| 22:47 | Build | Farm |
| 22:47 | Build | Farm |
| 22:47 | Build | Farm |
| 22:47 | Build | Farm |
| 22:47 | Build | Farm |
| 22:47 | Build | Farm |
| 22:48 | Build | Farm |
| 22:48 | Build | Farm |
| 22:48 | Build | Farm |
| 22:49 | Build | Farm |
| 23:20 | Create | Villager (Male) |
| 23:20 | Create | Villager (Male) |
| 23:20 | Create | Villager (Male) |
| 23:28 | Build | Farm |
| 23:28 | Build | Farm |
| 23:28 | Build | Farm |
| 23:28 | Build | Farm |
| 23:29 | Build | Farm |
| 23:29 | Build | Farm |
| 23:29 | Build | Farm |
| 23:33 | Create | Villager (Male) |
| 23:33 | Create | Villager (Male) |
| 23:35 | Create | Villager (Male) |
| 23:35 | Create | Villager (Male) |
| 23:55 | Create | Villager (Male) |
| 23:55 | Create | Villager (Male) |
| 23:59 | Create | Villager (Male) |
| 24:38 | Create | Villager (Male) |
| 24:42 | Create | Villager (Male) |
| 24:43 | Create | Villager (Male) |
| 24:48 | Research | Scale Barding Armor |
| 25:09 | Create | Camel Scout ×2 |
| 25:09 | Create | Camel Scout ×2 |
| 25:09 | Create | Camel Scout ×2 |
| 25:15 | Create | Villager (Male) |
| 25:20 | Create | Villager (Male) |
| 25:30 | Build | Lumber Camp |
| 25:49 | Create | Camel Scout ×5 |
| 25:49 | Create | Camel Scout ×5 |
| 27:03 | Create | Villager (Male) |
| 27:03 | Create | Villager (Male) |
| 27:04 | Create | Villager (Male) |
| 27:07 | Create | Villager (Male) |
| 27:07 | Create | Villager (Male) |
| 27:11 | Research | Hand Cart |
| 27:37 | Create | Villager (Male) |
| 27:37 | Create | Villager (Male) |
| 27:39 | Create | Villager (Male) |
Build order — Yoshitaka
First 150 of 269 actions detected
| 0:01 | Create | Villager (Male) |
| 0:01 | Create | Villager (Male) |
| 0:01 | Create | Villager (Male) |
| 0:01 | Create | Villager (Male) |
| 0:02 | Create | Villager (Male) |
| 0:03 | Build | House |
| 0:11 | Build | House |
| 0:50 | Build | Lumber Camp |
| 1:16 | Create | Villager (Male) |
| 1:16 | Create | Villager (Male) |
| 2:33 | Create | Villager (Male) |
| 2:34 | Create | Villager (Male) |
| 3:21 | Create | Villager (Male) |
| 3:24 | Build | House |
| 3:44 | Create | Villager (Male) |
| 4:20 | Create | Villager (Male) |
| 4:25 | Create | Villager (Male) |
| 4:40 | Create | Villager (Male) |
| 5:13 | Build | House |
| 5:35 | Create | Villager (Male) |
| 5:53 | Build | Mill |
| 6:02 | Create | Villager (Male) |
| 6:28 | Create | Villager (Male) |
| 6:37 | Research | Loom |
| 6:57 | Research | Feudal Age |
| 7:44 | Build | Barracks |
| 8:12 | Build | Lumber Camp |
| 8:21 | Build | House |
| 9:14 | Create | Villager (Male) |
| 9:24 | Build | House |
| 9:28 | Age | Feudal Age |
| 9:31 | Build | Stable |
| 9:35 | Build | Palisade Wall |
| 9:40 | Research | Double-Bit Axe |
| 9:51 | Create | Villager (Male) |
| 9:57 | Build | Farm |
| 10:21 | Build | Farm |
| 10:22 | Create | Villager (Male) |
| 10:40 | Create | Villager (Male) |
| 10:42 | Create | Scout Cavalry |
| 10:42 | Create | Scout Cavalry |
| 10:42 | Create | Scout Cavalry |
| 10:42 | Create | Scout Cavalry |
| 10:49 | Build | Farm |
| 10:56 | Build | Mining Camp |
| 11:11 | Create | Villager (Male) |
| 11:19 | Build | Blacksmith |
| 11:34 | Build | Farm |
| 11:39 | Create | Villager (Male) |
| 11:53 | Build | Farm |
| 12:07 | Research | Scale Barding Armor |
| 12:10 | Build | Farm |
| 12:12 | Create | Villager (Male) |
| 12:18 | Build | Farm |
| 12:18 | Build | Farm |
| 12:19 | Build | Farm |
| 12:32 | Build | Farm |
| 12:37 | Create | Villager (Male) |
| 12:39 | Build | Farm |
| 13:00 | Create | Villager (Male) |
| 13:08 | Build | Farm |
| 13:26 | Create | Villager (Male) |
| 13:32 | Build | House |
| 13:35 | Build | Farm |
| 13:41 | Create | Scout Cavalry |
| 14:10 | Create | Villager (Male) |
| 14:14 | Build | Farm |
| 14:29 | Build | Farm |
| 14:36 | Build | Farm |
| 14:46 | Create | Villager (Male) |
| 14:50 | Build | Farm |
| 15:04 | Create | Scout Cavalry |
| 15:09 | Create | Villager (Male) |
| 15:16 | Build | House |
| 15:18 | Build | House |
| 15:20 | Build | House |
| 15:24 | Build | Farm |
| 16:01 | Create | Villager (Male) |
| 16:14 | Create | Villager (Male) |
| 16:16 | Build | Farm |
| 16:37 | Build | Market |
| 16:39 | Build | Farm |
| 17:00 | Create | Villager (Male) |
| 17:16 | Create | Villager (Male) |
| 17:17 | Build | Farm |
| 17:37 | Build | Farm |
| 17:48 | Create | Scout Cavalry |
| 17:51 | Create | Villager (Male) |
| 18:00 | Build | Farm |
| 18:04 | Build | Farm |
| 18:21 | Create | Villager (Male) |
| 18:23 | Research | Castle Age |
| 18:28 | Build | Stable |
| 18:43 | Build | Farm |
| 18:48 | Research | Wheelbarrow |
| 20:17 | Research | Forging |
| 20:25 | Create | Scout Cavalry |
| 20:25 | Create | Scout Cavalry |
| 20:26 | Create | Scout Cavalry |
| 20:26 | Create | Scout Cavalry |
| 20:33 | Build | Mining Camp |
| 21:03 | Age | Castle Age |
| 21:08 | Build | Town Center |
| 21:17 | Research | Bow Saw |
| 21:25 | Research | Husbandry |
| 21:45 | Research | Chain Barding Armor |
| 21:46 | Research | Iron Casting |
| 21:52 | Create | Villager (Male) |
| 22:08 | Research | Gold Mining |
| 22:08 | Create | Villager (Male) |
| 22:09 | Create | Villager (Male) |
| 22:09 | Create | Villager (Male) |
| 22:30 | Create | Knight |
| 22:31 | Create | Knight |
| 22:31 | Create | Knight |
| 22:32 | Create | Knight |
| 22:32 | Create | Knight |
| 22:51 | Create | Villager (Male) |
| 22:52 | Create | Villager (Male) |
| 23:04 | Build | Farm |
| 23:06 | Create | Villager (Male) |
| 23:08 | Create | Villager (Male) |
| 23:18 | Create | Villager (Male) |
| 23:19 | Create | Villager (Male) |
| 23:27 | Build | Farm |
| 23:31 | Create | Knight |
| 23:31 | Create | Knight |
| 23:32 | Create | Knight |
| 23:32 | Create | Knight |
| 24:14 | Build | Town Center |
| 24:17 | Create | Villager (Male) |
| 24:17 | Create | Villager (Male) |
| 24:24 | Create | Knight |
| 24:24 | Create | Knight |
| 24:24 | Create | Knight |
| 24:25 | Create | Knight |
| 24:32 | Build | House |
| 24:38 | Build | House |
| 24:40 | Build | House |
| 24:43 | Create | Villager (Male) |
| 25:12 | Research | Hand Cart |
| 25:14 | Create | Villager (Male) |
| 25:22 | Create | Villager (Male) |
| 25:39 | Create | Knight |
| 25:39 | Create | Knight |
| 25:45 | Create | Villager (Male) |
| 25:45 | Create | Villager (Male) |
| 26:06 | Create | Knight |
| 26:06 | Create | Knight |
| 26:06 | Create | Knight |
Match timeline
| 2:24 | Whiplash · wall_segment Palisade Wall x2 |
| 2:30 | Whiplash · wall_segment Palisade Wall x5 |
| 2:33 | Whiplash · wall_segment Palisade Wall x6 |
| 2:38 | Whiplash · wall_segment Palisade Wall x5 |
| 2:40 | Whiplash · wall_segment Palisade Wall x2 |
| 4:20 | Whiplash · wall_segment Palisade Wall x11 |
| 4:28 | Whiplash · wall_segment Palisade Wall x3 |
| 4:33 | Whiplash · wall_segment Palisade Wall x8 |
| 5:17 | Whiplash · wall_segment Palisade Wall x2 |
| 5:22 | Whiplash · wall_segment Palisade Wall x3 |
| 5:50 | Whiplash · wall_segment Palisade Wall x1 |
| 5:53 | Whiplash · wall_segment Palisade Wall x1 |
| 5:57 | Whiplash · wall_segment Palisade Wall x1 |
| 7:27 | Vader · first_building Barracks |
| 7:44 | Yoshitaka · first_building Barracks |
| 8:07 | m.muratk · first_building Barracks |
| 8:15 | Vader · age_up feudal |
| 8:42 | Vader · first_building Stable |
| 8:45 | Aquiles Baeza · age_up feudal |
| 8:52 | Aquiles Baeza · first_building Barracks |
| 9:28 | Yoshitaka · age_up feudal |
| 9:31 | Yoshitaka · first_building Stable |
| 9:34 | Whiplash · first_building Barracks |
| 9:35 | Yoshitaka · wall_segment Palisade Wall x1 |
| 9:38 | m.muratk · wall_segment Palisade Wall x1 |
| 9:40 | m.muratk · wall_segment Palisade Wall x1 |
| 10:08 | Vader · wall_segment Palisade Wall x2 |
| 10:12 | Vader · wall_segment Palisade Wall x3 |
| 10:13 | Vader · wall_segment Palisade Wall x1 |
| 10:15 | Vader · wall_segment Palisade Wall x2 |
| 10:23 | Vader · wall_segment Palisade Wall x3 |
| 10:35 | Vader · wall_segment Palisade Wall x10 |
| 10:51 | m.muratk · age_up feudal |
| 11:00 | m.muratk · first_building Stable |
| 11:02 | Vader · wall_segment Palisade Wall x4 |
| 11:17 | Vader · wall_segment Palisade Wall x4 |
| 11:19 | Vader · wall_segment Palisade Wall x8 |
| 12:20 | Haydar-ı Kerrar · age_up feudal |
| 12:41 | m.muratk · first_building Dock |
| 12:49 | Whiplash · age_up feudal |
| 13:42 | Whiplash · first_building Stable |
| 14:54 | Vader · first_market_sell 100 food |
| 15:35 | Aquiles Baeza · first_building Stable |
| 15:41 | Haydar-ı Kerrar · first_building Barracks |
| 15:41 | m.muratk · age_up castle |
| 17:00 | Aquiles Baeza · age_up castle |
| 17:44 | Vader · age_up castle |
| 19:28 | m.muratk · wall_segment Palisade Wall x1 |
| 19:30 | m.muratk · wall_segment Palisade Wall x1 |
| 19:32 | m.muratk · wall_segment Palisade Wall x1 |
| 20:42 | Haydar-ı Kerrar · first_building Stable |
| 20:51 | m.muratk · wall_segment Palisade Wall x1 |
| 20:51 | Vader · first_building Castle |
| 21:03 | Yoshitaka · age_up castle |
| 21:28 | Vader · first_market_buy 100 stone |
| 22:43 | Vader · wall_segment Palisade Wall x3 |
| 22:48 | Vader · wall_segment Palisade Wall x4 |
| 22:56 | Vader · wall_segment Palisade Wall x2 |
| 23:40 | Vader · wall_segment Palisade Wall x5 |
| 23:42 | Vader · wall_segment Palisade Wall x5 |
| 25:00 | Whiplash · first_market_buy 100 food |
| 25:34 | m.muratk · wall_segment Palisade Wall x1 |
| 25:49 | Haydar-ı Kerrar · wall_segment Stone Wall x20 |
| 27:05 | Haydar-ı Kerrar · wall_segment Stone Wall x3 |
| 27:45 | Haydar-ı Kerrar · wall_segment Stone Wall x14 |
| 28:01 | Whiplash · age_up castle |
| 28:49 | Aquiles Baeza · first_building Monastery |
| 28:53 | m.muratk · wall_segment Palisade Wall x1 |
| 28:55 | m.muratk · wall_segment Palisade Wall x1 |
| 29:05 | Whiplash · first_building Castle |
| 29:07 | Aquiles Baeza · first_building Castle |
| 29:09 | Haydar-ı Kerrar · wall_segment Stone Wall x14 |
| 29:16 | m.muratk · wall_segment Palisade Wall x1 |
| 29:17 | m.muratk · wall_segment Palisade Wall x1 |
| 29:18 | m.muratk · wall_segment Palisade Wall x1 |
| 29:19 | m.muratk · wall_segment Palisade Wall x1 |
| 29:20 | m.muratk · wall_segment Palisade Wall x1 |
| 29:22 | m.muratk · wall_segment Palisade Wall x1 |
| 29:23 | m.muratk · wall_segment Palisade Wall x1 |
| 29:36 | Yoshitaka · first_building Siege Workshop |
| 29:36 | m.muratk · first_building Castle |
| 29:46 | Aquiles Baeza · first_market_sell 100 stone |
| 29:57 | m.muratk · wall_segment Palisade Wall x1 |
| 30:03 | Haydar-ı Kerrar · wall_segment Palisade Wall x2 |
| 30:39 | Yoshitaka · first_building Monastery |
| 31:47 | Haydar-ı Kerrar · wall_segment Palisade Wall x31 |
| 32:33 | Haydar-ı Kerrar · wall_segment Palisade Wall x15 |
| 32:55 | Whiplash · first_market_sell 100 wood |
| 33:25 | Haydar-ı Kerrar · wall_segment Palisade Wall x19 |
| 33:26 | Haydar-ı Kerrar · age_up castle |
| 34:16 | Haydar-ı Kerrar · wall_segment Palisade Wall x16 |
| 34:40 | Yoshitaka · age_up imperial |
| 34:48 | Yoshitaka · first_building Castle |
| 34:50 | Aquiles Baeza · age_up imperial |
| 35:00 | Haydar-ı Kerrar · wall_segment Palisade Wall x25 |
| 35:11 | Whiplash · resign |
| 35:34 | Vader · wall_segment Palisade Wall x2 |
| 35:36 | Vader · wall_segment Palisade Wall x4 |
| 35:39 | Haydar-ı Kerrar · wall_segment Palisade Wall x7 |
| 36:03 | Haydar-ı Kerrar · wall_segment Palisade Wall x7 |
[ AI ANALYSIS · 1 CREDIT ]
What really happened in this match?
Wolo.gg analyzes every decision: build order, eco, micro, common mistakes by bracket. Personalized analysis on WhatsApp or Discord in 30 seconds.
Civ guide
Cumans
Perfil
Jugador #23748321